Map: Flashback LE

Players

Faust

  • Race: Zerg Zerg
  • League: Diamond
  • Spawn Location: 9:00

Cthulhu

  • Race: Zerg Zerg
  • Spawn Location: 11:00

Throwfordays

  • Race: Zerg Zerg
  • Spawn Location: 11:00

punebrah - Winner!

  • Race: Terran Terran
  • Spawn Location: 7:00

unoseemeh - Winner!

  • Race: Zerg Zerg
  • Spawn Location: 7:00

Biceps - Winner!

  • Race: Protoss Protoss
  • League: Gold
  • Spawn Location: 7:00

VOD

Have the link to the VOD?

Description

Time

  • Played on: Nov. 23, 2020, 9:44 p.m.
  • Length: 15:52
Show
View Real Time Build Order
Export as new Build Order

Faust Zerg 

Build Orders: Hatch First, Muta Ling Bane 

Get SALT Encoding   

  12  0:00  Drone  
  13  0:08  Drone  
  14  0:15  Extractor  
  14  0:16  Drone  
  14  0:26  Extractor, Drone  
  16  0:28  Overlord  
  16  0:48  Drone x2  
  18  0:57  Hatchery  
  18  1:00  Drone  
  18  1:14  Spawning Pool  
  17  1:34  Hatchery  
  16  1:42  Drone x2  
  16  1:45  Drone  
  19  2:03  Queen, Drone  
  19  2:05  Overlord  
  22  2:10  Drone  
  23  2:15  Queen  
  23  2:17  Drone  
  23  2:21  Drone  
  27  2:25  Drone  
  28  2:31  Drone  
  28  2:36  Overlord  
  29  3:01  Drone x2  
  29  3:02  Drone x2  
  33  3:08  Drone x2  
  33  3:09  Queen, Drone x3  
  40  3:17  Extractor  
  40  3:19  Drone x2  
  41  3:21  Extractor  
  41  3:25  Drone x2  
  41  3:26  Extractor, Drone  
  41  3:27  Extractor, Drone x2  
  44  3:32  Queen  
  44  3:33  Drone  
  46  3:36  Drone  
  46  3:37  Drone x3  
  50  3:43  Overlord x2  
  50  4:00  Queen  
  53  4:13  Drone x3  
  53  4:15  Lair  
  54  4:23  Spore Crawler  
  54  4:24  Drone x2  
  54  4:26  Drone  
  54  4:29  Drone x4  
  54  4:30  Drone x4  
  64  4:34  Extractor  
  64  4:36  Extractor  
  62  4:47  Zergling x8  
  62  4:51  Spine Crawler x2  
  64  4:53  Drone x2  
  62  5:14  Zergling x10  
  62  5:15  Zergling x4  
  62  5:19  Metabolic Boost  
  60  5:22  Evolution Chamber  
  60  5:23  Evolution Chamber, Overlord x4  
  60  5:26  Spore Crawler  
  60  5:27  Overlord x2  
  60  5:28  Overlord x2  
  57  5:30  Drone  
  57  5:31  Queen  
  60  5:38  Queen  
  60  5:39  Drone x3  
  65  5:47  Drone x3  
  65  5:49  Spire  
  67  6:03  Drone x3  
  70  6:05  Drone x3  
  73  6:22  Zerg Melee Weapons Level 1  
  73  6:23  Zerg Ground Armor Level 1  
  73  6:24  Hatchery  
  72  6:26  Infestation Pit  
  72  6:28  Drone x10  
  72  6:29  Drone  
  82  6:37  Drone x2  
  82  6:38  Drone x3  
  87  6:53  Baneling Nest  
  80  6:59  Zergling x2  
  80  7:00  Zergling x12  
  71  7:24  Drone  
  71  7:25  Drone x7  
  71  7:26  Drone x3  
  71  7:28  Zerg Flyer Weapons Level 1  
  79  7:33  Overlord  
  75  7:37  Mutalisk x3, Hive  
  75  7:38  Mutalisk x4  
  87  7:45  Hatchery, Overlord x3  
  86  7:57  Drone x3  
  89  8:05  Mutalisk  
  89  8:06  Mutalisk x5  
  99  8:17  Centrifical Hooks  
  99  8:18  Zerg Melee Weapons Level 2, Zerg Ground Armor Level 2  
  99  8:24  Drone x8  
  107  8:30  Drone x4  
  111  8:37  Baneling  
  111  8:38  Baneling x11  
  111  8:45  Spore Crawler  
  111  8:46  Spore Crawler  
  105  8:48  Spore Crawler  
  105  8:49  Drone x3  
  105  8:50  Spore Crawler  
  105  8:53  Drone  
  105  8:54  Drone x6  
  112  8:56  Extractor  
  112  8:59  Extractor  
  101  9:17  Zergling x2  
  101  9:24  Drone x9  
  102  9:25  Drone x2  
  102  9:26  Queen, Drone x3  
  117  9:37  Adrenal Glands  
  117  9:40  Ultralisk Cavern  
  116  9:52  Extractor, Hatchery  
  110  9:53  Zerg Flyer Weapons Level 2  
  110  9:55  Spore Crawler x2  
  110  9:57  Extractor  
  106  10:01  Spore Crawler  
  106  10:02  Spore Crawler  
  104  10:09  Spore Crawler  
  104  10:12  Spore Crawler  
  104  10:13  Spore Crawler x2  
  97  10:17  Spore Crawler  
  97  10:20  Zergling x26  
  97  10:21  Zergling x20  
  97  10:45  Baneling x5  
  97  10:46  Baneling x4  
  97  10:48  Baneling x3  
  94  10:53  Drone x2  
  94  10:54  Extractor, Drone x4  
  99  11:03  Zerg Ground Armor Level 3, Zerg Melee Weapons Level 3  
  99  11:09  Drone  
  99  11:10  Drone x9  
  89  11:39  Drone x2  
  90  11:40  Drone x4  
  90  11:44  Ultralisk x2  
  90  11:45  Ultralisk  
  109  11:55  Zergling x22  
  109  11:56  Zergling x2  
  117  12:04  Zergling x6  
  117  12:05  Zergling x6  
  102  12:25  Drone x3  
  105  12:31  Drone x5  
  105  12:33  Drone x7  
  105  12:34  Drone x2, Overlord x2  
  119  12:37  Queen  
  96  13:08  Zergling x2  
  96  13:09  Zergling x30  
  106  13:25  Drone  
  106  13:26  Drone  
  89  13:40  Drone x7  
  89  13:41  Drone x2  
  96  13:42  Drone x4  
  100  13:53  Zerg Missile Weapons Level 1  
  100  14:06  Ultralisk Cavern  
  85  14:18  Zergling x2  
  85  14:19  Zergling x2  
  85  14:20  Zergling x38  
  92  14:29  Baneling x4  
  92  14:30  Baneling x4  
  77  14:50  Zergling x8  
  77  14:51  Zergling x8  
  74  14:57  Ultralisk  
  74  14:59  Drone x3  
  57  15:13  Queen  
  44  15:27  Drone x3  
Show
View Real Time Build Order
Export as new Build Order

Cthulhu Zerg 

Build Orders: Hatch First 

Get SALT Encoding   

  12  0:03  Drone  
  13  0:09  Drone  
  14  0:23  Overlord  
  14  0:26  Extractor  
  14  0:27  Drone  
  15  0:43  Drone  
  15  0:44  Drone  
  17  0:55  Hatchery  
  16  0:58  Drone  
  16  1:01  Drone  
  18  1:17  Extractor, Drone  
  18  1:26  Spawning Pool  
  18  1:28  Drone  
  18  1:38  Drone  
  19  1:43  Drone  
  20  1:53  Extractor  
  19  2:02  Drone x2  
  21  2:14  Drone  
  22  2:17  Drone  
  23  2:25  Queen  
  23  2:27  Drone x2  
  27  2:31  Extractor  
  27  2:35  Queen, Extractor  
  27  2:42  Drone  
  28  3:04  Lair  
  28  3:08  Overlord  
  28  3:38  Hatchery, Drone x3  
  28  3:39  Drone  
  28  3:40  Drone x2  
  33  3:45  Overlord  
  33  3:46  Drone  
  34  3:49  Drone  
  35  3:57  Drone  
  36  4:10  Spire  
  36  4:13  Drone x2  
  37  4:21  Overseer  
  37  5:05  Zergling x2  
  36  5:16  Queen  
  38  5:22  Mutalisk x6  
  38  5:24  Overlord x4  
  50  5:33  Metabolic Boost  
  50  5:41  Queen  
  53  5:42  Drone  
  53  5:45  Mutalisk x3  
  59  5:50  Mutalisk x5  
  59  5:51  Mutalisk x2  
  73  5:58  Zerg Flyer Weapons Level 1  
  73  6:06  Drone x4  
  77  6:25  Drone  
  78  6:26  Drone  
  78  6:27  Zergling x2  
  78  6:28  Zergling x4  
  78  6:30  Overlord x2  
  70  7:40  Zergling x18  
  79  8:06  Mutalisk  
  79  8:07  Mutalisk x5  
  73  8:50  Mutalisk  
  73  8:51  Mutalisk x8  
  86  9:01  Queen  
  86  9:02  Queen  
  89  9:03  Queen  
  83  9:29  Corruptor  
  83  9:30  Corruptor x7  
  98  9:33  Overlord  
  98  9:56  Infestation Pit  
  98  9:57  Hydralisk Den  
  96  10:01  Roach Warren  
  93  10:43  Zergling x6  
  93  10:44  Zergling x4  
  98  10:59  Overlord  
  98  11:00  Overlord x12  
  98  11:05  Zerg Flyer Weapons Level 2  
  66  12:19  Zergling x16  
  66  12:20  Zergling x8  
  70  13:22  Zergling x2  
  70  13:23  Zergling x16  
  70  13:24  Hatchery  
  78  13:30  Hatchery  
  78  13:33  Hatchery  
  69  14:08  Infestor  
  69  14:09  Infestor, Hydralisk  
  72  14:10  Hydralisk x11  
  72  14:11  Hydralisk x3  
  72  14:16  Grooved Spines  
  102  14:24  Evolution Chamber x2  
  100  14:25  Evolution Chamber  
  95  14:43  Drone  
  95  14:45  Drone  
  52  15:22  Hydralisk x4  
  52  15:23  Hydralisk x11  
  74  15:28  Drone  
  74  15:29  Drone x2  
  74  15:30  Drone  
  74  15:31  Drone x2  
  74  15:32  Drone x3  
Show
View Real Time Build Order
Export as new Build Order

Throwfordays Zerg 

Build Orders: Pool First, Zergling Baneling 

Get SALT Encoding   

  12  0:01  Drone  
  13  0:11  Drone  
  14  0:18  Overlord  
  14  0:35  Spawning Pool  
  13  0:38  Drone  
  13  0:42  Drone  
  15  0:46  Drone  
  16  0:55  Extractor  
  16  0:56  Drone  
  16  1:00  Drone  
  17  1:12  Drone  
  18  1:23  Drone  
  18  1:24  Queen  
  21  1:39  Drone  
  22  1:44  Overlord  
  22  1:56  Metabolic Boost  
  22  2:02  Hatchery  
  22  2:05  Zergling x4  
  23  2:19  Zergling x2  
  24  2:26  Extractor  
  24  2:27  Drone  
  24  2:34  Drone x3  
  27  2:49  Zergling x2  
  28  2:52  Zergling x2  
  29  3:03  Overlord  
  29  3:09  Overlord  
  29  3:11  Zergling x2  
  30  3:17  Baneling Nest  
  30  3:18  Drone  
  30  3:26  Drone x2  
  32  3:28  Queen  
  34  3:37  Zergling x10  
  38  4:03  Lair  
  38  4:17  Zergling x10  
  38  4:20  Drone x2  
  38  4:21  Drone  
  46  4:31  Baneling x5  
  46  4:32  Baneling x4  
  34  5:24  Zergling x8  
  34  5:25  Zergling x4  
  34  5:27  Zergling x6  
  34  5:28  Zergling x4  
  45  5:32  Centrifical Hooks  
  45  5:45  Drone x2  
  44  6:12  Drone  
  44  6:13  Drone x3  
  44  6:15  Drone x4  
  52  6:19  Overlord x2  
  41  7:02  Zergling x6  
  41  7:03  Zergling x2  
  41  7:06  Zergling x6  
  41  7:07  Zergling x6  
  51  7:22  Zergling x2  
  52  7:30  Nydus Network  
  52  7:33  Infestation Pit  
  36  7:48  Queen  
  36  7:49  Drone x2  
  36  7:50  Drone x3  
  43  7:53  Drone x4  
  47  8:12  Zergling x4  
  49  8:16  Extractor  
  49  8:17  Extractor  
  47  8:23  Drone x4  
  51  8:31  Baneling x8  
  51  8:32  Baneling x11  
  51  8:37  Drone  
  51  8:38  Drone x2  
  54  8:52  Zergling x2  
  54  8:54  Zergling x2  
  54  8:55  Zergling x4  
  58  8:57  Zergling x2  
  58  8:58  Zergling x4  
  52  9:27  Drone x2  
  52  9:29  Zergling x2  
  55  9:33  Zergling x4  
  55  9:34  Zergling x4  
  59  9:53  Evolution Chamber  
  59  9:56  Evolution Chamber  
  57  10:04  Baneling x7  
  57  10:05  Baneling x3  
  57  10:22  Zergling x6  
  57  10:24  Overlord  
  57  10:25  Overlord  
  60  10:28  Overlord x3  
  60  10:29  Overlord  
  47  10:50  Zergling x6  
  47  10:52  Zergling x4  
  47  10:53  Zergling x2  
  53  10:57  Zergling x4  
  53  10:58  Zergling x2  
  53  11:03  Zerg Melee Weapons Level 1  
  56  11:05  Zerg Ground Armor Level 1  
  56  11:24  Zergling x2  
  56  11:25  Zergling x4  
  58  11:27  Baneling x11  
  58  11:28  Baneling x13  
  58  11:33  Zergling x6  
  58  11:36  Zergling x8  
  58  11:37  Zergling x2  
  66  11:45  Zergling x2  
  67  11:49  Zergling x2  
  45  12:38  Zergling x2  
  45  12:39  Zergling x8  
  45  12:42  Zergling x2  
  45  12:43  Zergling x8  
  55  13:02  Baneling x13  
  55  13:03  Baneling  
  55  13:04  Zergling x2  
  55  13:05  Zergling x2  
  56  13:12  Zergling x8  
  60  13:16  Zergling x2  
  60  13:17  Zergling x6  
  58  13:41  Zergling x4  
  58  13:44  Queen  
  58  13:45  Zergling x12  
  68  14:13  Zergling x6  
  68  14:14  Zergling x2  
  68  14:15  Hatchery  
  66  14:19  Zergling x10  
  65  14:29  Hatchery  
  32  14:55  Baneling x8  
  31  15:19  Drone  
  31  15:20  Drone  
  29  15:24  Spire  
  29  15:26  Spire  
Show
View Real Time Build Order
Export as new Build Order

punebrah Terran - Winner!

Build Orders:  

Get SALT Encoding   

  12  0:01  SCV  
  13  0:13  SCV  
  14  0:22  Supply Depot  
  14  0:25  SCV  
  15  0:35  Refinery  
  15  0:43  SCV  
  15  0:48  Barracks  
  16  0:55  SCV  
  17  1:07  SCV  
  18  1:20  SCV  
  19  1:32  Command Center  
  19  1:42  Orbital Command  
  19  1:45  Barracks Tech Lab  
  19  2:04  Factory  
  19  2:09  SCV  
  19  2:11  Marine  
  21  2:22  Stimpack  
  21  2:31  Barracks  
  21  2:32  Marine  
  21  2:36  SCV  
  23  2:37  Refinery  
  23  2:50  Marine, Factory Tech Lab  
  24  2:53  SCV  
  25  3:00  Orbital Command  
  25  3:05  SCV  
  26  3:09  Barracks  
  26  3:16  Marine  
  26  3:17  SCV, Siege Tank  
  31  3:22  Barracks Reactor  
  31  3:28  SCV  
  31  3:29  SCV  
  33  3:34  Marine  
  33  3:40  SCV  
  35  3:42  Starport  
  35  3:47  Supply Depot  
  35  3:53  Supply Depot  
  35  3:55  SCV x2  
  37  4:01  Barracks Reactor  
  37  4:07  SCV, Combat Shield  
  38  4:17  SCV  
  38  4:19  SCV  
  38  4:21  Marine  
  38  4:22  Marine x2  
  43  4:27  Medivac  
  43  4:29  SCV  
  43  4:30  Refinery  
  46  4:33  Refinery  
  46  4:49  Marine, Siege Tank  
  46  4:50  Marine x4  
  54  5:07  Marine  
  51  5:19  SCV x2  
  49  5:22  Marine x2  
  49  5:23  Marine x2  
  53  5:29  Supply Depot  
  53  5:30  Supply Depot  
  53  5:31  SCV  
  53  5:34  Engineering Bay  
  53  5:35  Engineering Bay  
  54  5:40  Barracks  
  54  5:47  Barracks  
  54  5:50  SCV x2, Medivac, Siege Tank  
  61  5:57  Supply Depot  
  61  6:01  Supply Depot  
  61  6:02  Supply Depot, Terran Infantry Weapons Level 1, SCV x2  
  61  6:03  Terran Infantry Armor Level 1, Supply Depot  
  63  6:04  Marine  
  63  6:05  Marine  
  65  6:14  SCV  
  65  6:18  SCV  
  67  6:24  Medivac, Siege Tank  
  72  6:26  SCV  
  72  6:30  SCV  
  72  6:31  Barracks Reactor  
  74  6:39  SCV  
  75  6:54  SCV  
  75  6:55  Marine x4, SCV  
  75  6:56  Marine x2  
  81  7:02  Missile Turret  
  81  7:04  Missile Turret  
  81  7:05  Missile Turret  
  81  7:06  SCV  
  81  7:07  SCV  
  81  7:08  Missile Turret  
  83  7:12  Missile Turret  
  83  7:16  Marine x4  
  83  7:17  Marine x2  
  83  7:19  SCV x2  
  83  7:26  Marine x2, Missile Turret  
  82  7:30  Missile Turret  
  82  7:36  Missile Turret  
  82  7:38  Command Center  
  82  7:41  SCV x2  
  82  7:44  Marine x4  
  84  7:50  Medivac, Siege Tank  
  93  7:51  Marine  
  94  8:05  Armory  
  94  8:06  Missile Turret  
  90  8:16  SCV  
  90  8:17  Marine x4, SCV  
  90  8:18  Marine  
  97  8:20  Marine x3, Medivac  
  102  8:33  Supply Depot  
  102  8:34  Siege Tank  
  102  8:35  Marine x5, Supply Depot  
  102  8:39  Supply Depot  
  110  8:49  Marine x2, SCV x2  
  110  8:54  Marine x3  
  110  8:55  Marine x2  
  118  8:56  Orbital Command  
  118  9:01  SCV  
  80  9:18  Marine  
  80  9:19  Marine x7  
  80  9:20  SCV  
  80  9:21  SCV  
  84  9:38  Marine x4  
  84  9:39  Marine x3, Siege Tank  
  84  9:40  Medivac  
  84  9:41  Marine  
  97  9:46  Terran Infantry Weapons Level 2  
  94  9:56  Marine  
  95  10:05  Orbital Command  
  95  10:10  Medivac  
  95  10:11  Terran Infantry Armor Level 2  
  95  10:12  SCV x2, Siege Tank  
  102  10:14  Marine  
  102  10:15  Marine x6  
  102  10:19  Marine  
  110  10:32  Marine  
  111  10:40  Medivac  
  108  10:46  Marine x4  
  108  10:47  Siege Tank  
  108  10:48  Marine x3  
  93  10:50  Marine, SCV  
  93  10:52  SCV  
  93  10:53  SCV  
  92  11:05  Marine x2  
  92  11:06  Marine  
  92  11:10  Medivac  
  97  11:19  Siege Tank  
  97  11:21  Marine x4  
  103  11:27  Refinery  
  103  11:29  Marine x3  
  103  11:30  Marine  
  103  11:31  Refinery, SCV x3  
  100  11:38  Supply Depot  
  100  11:39  Marine x4  
  103  11:40  Medivac  
  103  11:41  Supply Depot  
  106  11:47  Marine x4  
  106  11:51  Siege Tank  
  113  11:57  Marine  
  114  12:09  SCV x3  
  114  12:10  Medivac  
  114  12:11  Marine  
  114  12:12  Marine x6  
  114  12:14  Marine  
  127  12:16  Terran Vehicle Weapons Level 1  
  127  12:21  SCV  
  116  12:23  Siege Tank  
  116  12:28  SCV x2  
  116  12:29  Marine x3  
  120  12:32  Marine x5  
  127  12:40  Medivac  
  129  12:47  Marine x3  
  132  12:55  Siege Tank  
  122  13:09  Marine x3  
  122  13:10  Marine x5  
  122  13:12  Medivac  
  130  13:13  SCV x3  
  133  13:22  Command Center  
  133  13:27  Marine x4  
  133  13:28  Marine x4, Siege Tank  
  131  13:42  Medivac  
  131  13:45  Marine  
  134  14:00  Marine x4, Siege Tank  
  134  14:01  Marine x3  
  144  14:03  Marine  
  142  14:10  SCV x3  
  142  14:12  Medivac  
  138  14:18  Marine x2  
  138  14:22  SCV  
  130  14:26  SCV x2  
  131  14:32  Siege Tank  
  131  14:34  SCV  
  131  14:38  SCV  
  134  14:45  Marine x2, SCV  
  130  14:46  Marine x6, SCV  
  130  14:48  Medivac  
  122  14:53  Planetary Fortress  
  122  14:55  SCV  
  122  14:57  SCV  
  122  14:58  SCV  
  125  15:03  Refinery, Marine x3  
  125  15:04  Marine x2, Siege Tank  
  125  15:05  Marine x3  
  125  15:07  Refinery, SCV  
  136  15:09  SCV  
  136  15:11  SCV  
  139  15:18  Refinery  
  139  15:21  Marine x4  
  139  15:22  Marine, Medivac  
  139  15:23  Marine x2  
Show
View Real Time Build Order
Export as new Build Order

unoseemeh Zerg - Winner!

Build Orders: Pool First 

Get SALT Encoding   

  12  0:00  Drone  
  13  0:11  Drone  
  14  0:19  Overlord  
  14  0:35  Spawning Pool  
  13  0:38  Drone  
  13  0:41  Drone  
  15  0:46  Drone  
  16  0:52  Drone  
  17  1:20  Hatchery  
  17  1:22  Queen  
  19  1:32  Drone  
  19  1:34  Drone  
  19  1:35  Extractor  
  19  1:54  Hatchery  
  18  2:04  Queen  
  20  2:12  Overlord  
  20  2:20  Overlord  
  20  2:28  Zergling x4  
  22  2:33  Drone  
  22  2:36  Drone  
  24  2:40  Drone  
  25  2:44  Drone  
  26  2:55  Baneling Nest  
  25  3:03  Drone  
  25  3:04  Drone x2  
  28  3:17  Drone x4  
  32  3:25  Lair  
  32  3:34  Metabolic Boost  
  32  3:38  Extractor  
  31  3:44  Baneling  
  31  3:51  Queen  
  31  3:52  Drone x2  
  31  3:53  Drone x4  
  31  3:54  Drone  
  40  4:01  Drone  
  40  4:02  Drone x2  
  43  4:06  Baneling  
  43  4:13  Evolution Chamber  
  43  4:16  Zergling x2  
  46  4:17  Zergling x8  
  46  4:21  Baneling x2  
  47  4:27  Drone x3  
  47  4:29  Overlord  
  50  5:01  Spire  
  47  5:16  Zergling x2  
  47  5:17  Zergling x24  
  57  5:29  Overlord  
  57  5:30  Overlord x2  
  57  5:31  Extractor  
  57  5:33  Extractor  
  54  5:36  Extractor  
  54  5:37  Extractor, Drone x2  
  54  5:41  Hydralisk Den  
  53  5:43  Roach Warren  
  53  5:46  Zerg Missile Weapons Level 1  
  53  5:47  Spore Crawler  
  51  5:51  Spore Crawler  
  50  6:03  Drone x5  
  50  6:04  Drone x3  
  57  6:05  Drone x3  
  57  6:06  Drone x3  
  57  6:10  Drone x4  
  68  6:18  Drone  
  69  6:27  Drone x4  
  63  6:55  Hydralisk  
  63  6:56  Hydralisk x10  
  76  7:19  Queen  
  67  7:45  Drone x13  
  67  7:47  Overlord  
  78  7:57  Infestation Pit  
  71  8:11  Spore Crawler x2  
  69  8:18  Centrifical Hooks  
  69  8:22  Drone x2  
  69  8:23  Drone x5  
  69  8:25  Drone  
  69  8:26  Drone  
  78  8:46  Hive  
  74  9:11  Queen  
  73  9:22  Drone x16  
  78  9:31  Nydus Network  
  78  9:36  Hydralisk x3  
  83  9:43  Drone x7  
  90  9:59  Overlord x2  
  90  10:00  Overlord x2  
  90  10:06  Hatchery  
  89  10:18  Viper, Grooved Spines  
  89  10:19  Viper x2  
  98  10:25  Zergling x2  
  98  10:26  Zergling x16  
  86  10:49  Hydralisk  
  82  10:50  Hydralisk x10  
  104  11:00  Overlord x2  
  104  11:05  Hatchery  
  103  11:20  Hydralisk x9  
  103  11:21  Hydralisk x3  
  127  11:27  Overseer  
  127  11:30  Spore Crawler  
  127  11:31  Spore Crawler  
  125  11:47  Overlord x3  
  125  11:48  Overlord  
  125  12:05  Overlord x3  
  125  12:06  Overlord x3  
  125  12:17  Drone x4  
  125  12:18  Drone x2  
  81  12:32  Roach  
  81  12:33  Roach x7  
  96  13:03  Roach x14  
  123  13:26  Glial Reconstitution, Pathogen Glands  
  123  13:28  Adrenal Glands, Pneumatized Carapace  
  121  13:38  Roach x9  
  121  13:39  Roach x2  
  138  14:02  Roach  
  142  14:03  Roach x8  
  154  14:17  Hatchery  
  154  14:19  Roach  
  154  14:20  Roach x2  
  154  14:21  Roach x6  
  161  14:42  Roach x11  
  150  15:17  Roach  
  150  15:18  Roach x16  
  150  15:19  Roach x2  
  178  15:34  Drone x5  
  178  15:35  Drone  
Show
View Real Time Build Order
Export as new Build Order

Biceps Protoss - Winner!

Build Orders: Oracle Opening 

Get SALT Encoding   

  12  0:00  Probe  
  13  0:12  Probe  
  14  0:21  Pylon  
  14  0:25  Probe  
  15  0:39  Gateway  
  15  0:40  Probe  
  16  0:45  Assimilator  
  16  0:52  Probe (Chrono Boost)  
  18  1:04  Probe (Chrono Boost)  
  18  1:12  Probe (Chrono Boost)  
  19  1:18  Probe  
  20  1:40  Zealot  
  20  1:42  Cybernetics Core  
  22  1:50  Probe  
  23  1:55  Nexus  
  23  2:18  Warp Gate (Chrono Boost)  
  23  2:20  Assimilator  
  23  2:24  Stargate  
  23  2:39  Pylon  
  23  2:43  Pylon  
  23  2:57  Zealot  
  23  2:58  Probe (Chrono Boost)  
  26  2:59  Gateway  
  26  3:07  Probe (Chrono Boost)  
  26  3:08  Oracle (Chrono Boost)  
  31  3:15  Probe (Chrono Boost)  
  31  3:16  Probe (Chrono Boost)  
  32  3:21  Probe x2 (Chrono Boost)  
  34  3:28  Sentry  
  34  3:33  Probe x2  
  38  3:39  Assimilator  
  38  3:45  Probe x2  
  40  3:57  Probe x2  
  42  4:09  Probe  
  43  4:16  Phoenix  
  45  4:21  Forge  
  45  4:23  Stalker, Probe (Chrono Boost)  
  48  4:24  Zealot  
  48  4:25  Stargate  
  48  4:30  Probe (Chrono Boost)  
  51  4:34  Assimilator  
  51  4:37  Pylon  
  51  4:40  Probe (Chrono Boost)  
  51  4:45  Probe (Chrono Boost)  
  53  4:56  Stalker x2  
  53  4:57  Pylon  
  57  5:29  Probe (Chrono Boost)  
  59  5:36  Protoss Shields Level 1 (Chrono Boost), Phoenix x2  
  59  5:37  Probe (Chrono Boost)  
  59  5:39  Probe (Chrono Boost)  
  64  5:44  Probe x2 (Chrono Boost)  
  64  5:45  Photon Cannon  
  64  5:47  Photon Cannon  
  66  5:55  Probe x2  
  64  6:01  Phoenix x2  
  64  6:03  Zealot  
  70  6:12  Pylon  
  70  6:22  Pylon  
  70  6:27  Pylon  
  70  6:30  Probe x2  
  70  6:31  Nexus  
  72  6:37  Photon Cannon  
  72  6:42  Probe  
  73  6:47  Photon Cannon  
  73  6:54  Pylon  
  62  7:20  Phoenix (Chrono Boost)  
  62  7:21  Phoenix (Chrono Boost)  
  61  7:32  Stalker  
  61  7:33  Stalker  
  63  7:42  Phoenix (Chrono Boost)  
  63  7:43  Phoenix (Chrono Boost)  
  67  7:59  Phoenix (Chrono Boost)  
  67  8:00  Phoenix (Chrono Boost)  
  67  8:01  Photon Cannon  
  71  8:08  Photon Cannon  
  71  8:15  Phoenix x2 (Chrono Boost)  
  75  8:23  Pylon  
  75  8:40  Phoenix  
  75  8:56  Stalker x2  
  75  9:02  Photon Cannon  
  73  9:03  Photon Cannon  
  73  9:05  Pylon  
  73  9:08  Pylon, Nexus  
  73  9:13  Phoenix x2  
  77  9:32  Void Ray x2  
  82  10:33  Phoenix x2  
  86  10:42  Probe  
  87  10:43  Fleet Beacon  
  87  10:45  Pylon  
  87  10:54  Probe  
  88  10:58  Phoenix x2  
  92  11:06  Probe  
  93  11:19  Probe  
  93  11:23  Phoenix x2 (Chrono Boost)  
  91  11:45  Phoenix x2 (Chrono Boost)  
  83  12:02  Phoenix  
  67  12:23  Assimilator  
  67  12:24  Carrier (Chrono Boost)  
  67  12:25  Carrier (Chrono Boost)  
  67  12:26  Assimilator  
  79  12:30  Flux Vanes  
  79  12:39  Protoss Air Weapons Level 1 (Chrono Boost)  
  79  12:56  Zealot x2  
  83  13:02  Probe (Chrono Boost)  
  83  13:03  Photon Cannon  
  84  13:07  Photon Cannon  
  84  13:09  Pylon  
  84  13:11  Probe (Chrono Boost)  
  85  13:16  Probe (Chrono Boost)  
  86  13:21  Carrier  
  86  13:22  Pylon, Carrier  
  98  13:46  Nexus  
  98  13:47  Twilight Council  
  98  13:48  Assimilator, Pylon  
  98  13:49  Pylon  
  98  13:50  Assimilator  
  98  14:24  Carrier (Chrono Boost)  
  98  14:29  Photon Cannon  
  104  14:32  Photon Cannon  
  104  14:37  Photon Cannon  
  104  14:42  Photon Cannon  
  104  14:47  Photon Cannon  
  104  14:50  Photon Cannon  
  104  14:52  Photon Cannon  
  110  15:14  Stargate  
  110  15:17  Probe  
  107  15:23  Photon Cannon, Probe  
  114  15:29  Probe  
  114  15:35  Probe  
Tags
 
Add a new tag
Caveats
  • Supply blocks, unpowered buildings, or Contaminate may cause inaccurate times.
  • Supply counts are checked every 10 seconds.